 Dungeon Crawl Stone Soup version 0.30-a0-793-g160f7cfddd (webtiles) character file.

Game seed: 8975990043171846550

107 Pooter the Digger (level 4, -1/37 HPs)
             Began as a Gargoyle Earth Elementalist on Feb 20, 2023.
             Was a Follower of Trog.
             Splashed by a jelly's acid (4 damage)
             ... on level 3 of the Dungeon.
             The game lasted 00:20:06 (2000 turns).

Pooter the Digger (Gargoyle Earth Elementalist)     Turns: 2000, Time: 00:20:06

Health: -1/37      AC:  4    Str: 12    XL:     4   Next: 86%
Magic:  7/7        EV:  5    Int: 17    God:    Trog [*.....]
Gold:   157        SH:  0    Dex: 16    Spells: 3/7 levels left

rFire   . . .      SeeInvis .    a - +2 mace (venom)
rCold   . . .      Faith    .    (no shield)
rNeg    + . .      Spirit   .    r - +0 chain mail
rPois   ∞          Reflect  .    (no helmet)
rElec   +          Harm     .    (no cloak)
rCorr   .          Rampage  .    (no gloves)
Will    .....                    h - +0 pair of boots Stlth
                                 m - amulet of magic regeneration
HPRegen 0.26/turn                p - +6 ring of dexterity
MPRegen 0.50/turn                (no ring)

@: berserking, corroded, very quick
A: sickness immunity, AC +3, negative energy resistance 1, electricity
resistance, torment resistance 1, petrification resistance
a: Renounce Religion, Berserk


You were on level 3 of the Dungeon.
You worshipped Trog.
Trog was aware of your devotion.
You visited 1 branch of the dungeon, and saw 3 of its levels.

You collected 157 gold pieces.

Inventory:

Hand Weapons
 a - a +2 mace of venom (weapon)
   (You found it on level 1 of the Dungeon)
 c - a +0 whip
   (You found it on level 1 of the Dungeon)
 d - a +2 dagger of electrocution
   (You took it off a kobold on level 1 of the Dungeon)
Missiles
 f - 5 curare-tipped darts (quivered)
 s - 4 atropa-tipped darts
 Q - 30 stones
Armour
 e - a +2 robe of willpower
   (You found it on level 1 of the Dungeon)
 g - the +1 robe of the Realm of Zot {rF+ rCorr Str+2 Stlth+}
   (You found it on level 2 of the Dungeon)

   Str:       It affects your strength (+2).
   rF:        It protects you from fire.
   rCorr:     It protects you from acid and corrosion.
   Stlth:     It makes you more stealthy.
 h - a +0 pair of boots (worn)
   (You found it on level 1 of the Dungeon)
 r - a +0 chain mail (worn)
   (You found it on level 1 of the Dungeon)
Jewellery
 m - an amulet of magic regeneration (around neck)
   (You found it on level 2 of the Dungeon)
 p - a +6 ring of dexterity (left hand)
   (You found it on level 2 of the Dungeon)
Scrolls
 i - a scroll of blinking {unknown}
 k - 3 scrolls of vulnerability {!r}
 t - a scroll of teleportation {@r4}
Potions
 b - a potion of magic
 j - a potion of brilliance
 l - a potion of resistance {unknown}
 n - 2 potions of ambrosia {unknown}
 o - 2 potions of degeneration {unknown}
 q - a potion of curing {unknown}


   Skills:
 + Level 1.0 Fighting
 * Level 1.3 Maces & Flails
 - Level 1.5 Dodging
 + Level 2.6 Stealth
 - Level 2.4 Spellcasting
 - Level 0.8 Conjurations
 - Level 2.1 Transmutations
 - Level 4.2 Earth Magic


You had 3 spell levels left.
You knew the following spells:

 Your Spells              Type           Power      Damage    Failure   Level
a - Sandblast             Erth           32%        2d9       85%         1
b - Stone Arrow           Conj/Erth      20%        3d8       100%        3

Your spell library contained the following spells:

 Spells                   Type           Power      Damage    Failure   Level
 Passwall                 Tmut/Erth      10%        N/A       98%         2
 Wereblood                Tmut           9%         N/A       99%         2
 Gell's Gravitas          Tloc           2%         N/A       100%        3
 Ignite Poison            Fire/Tmut/Pois 4%         N/A       100%        3
 Kindle Blastsparks       Fire/Tloc/Air  4%         2d10      100%        3
 Teleport Other           Tloc           2%         N/A       100%        3
 Petrify                  Tmut/Erth      13%        N/A       100%        4
 Freezing Cloud           Conj/Ice/Air   1%         6-21      100%        5
 Dispersal                Tloc           1%         N/A       100%        6
 Summon Hydra             Summ           1%         N/A       100%        7
 Sublimation of Blood     Necr           Unusable   N/A       N/A         2

Dungeon Overview and Level Annotations

Branches:
Dungeon (3/15)

Altars:
Trog


Innate Abilities, Weirdness & Mutations

You are immune to sickness and miasma.
Your stone body is resilient. (AC +3)
You are immune to poison.
You resist negative energy. (rN+)
You are resistant to electric shocks. (rElec)
You are resistant to unholy torment.
You are immune to petrification.


Message History

You see here 7 stones.
Q - 30 stones (gained 7)
You hit the hobgoblin.
You kill the hobgoblin!
Trog accepts your kill.
An endoplasm comes into view.
The endoplasm quivers.
You hit the endoplasm.
The endoplasm is poisoned.
You kill the endoplasm!
Trog accepts your kill.
A dart slug comes into view.
The dart slug launches a dart at you.
The slug dart hits you but does no damage.
You hit the dart slug.
The dart slug splashes around in the water.
You hit the dart slug.
The dart slug is poisoned.
You kill the dart slug!
Trog accepts your kill.
A bat and an adder come into view.
The adder hisses angrily.
You hit the bat.
The bat is poisoned.
You kill the bat!
Trog accepts your kill.
You hit the adder.
The adder is poisoned.
The adder bites you but does no damage.
You barely miss the adder. The adder bites you. The adder closely misses you.
You closely miss the adder.
You kill the adder!
Trog accepts your kill.
Your Fighting skill increases to level 1!
Things that are here:
an adder corpse; a bat corpse A jelly comes into view.
The jelly quivers.
The jelly hits you but does no damage.
You hit the jelly. The acid corrodes you!
Your hands burn!
The jelly hits you. The acid corrodes you!
You are splashed with acid!
The jelly hits you but does no damage.
You barely miss the jelly. The jelly hits you.
* * * LOW HITPOINT WARNING * * *
You are splashed with acid!
* * * LOW HITPOINT WARNING * * *
A red film seems to cover your vision as you go berserk!
You feel yourself moving faster!
You feel mighty! The jelly hits you but does no damage.
You hit the jelly.
Your hands burn!
* * * LOW HITPOINT WARNING * * *
The jelly closely misses you.
You hit the jelly.
The jelly is poisoned.
Your hands burn!
You die...

#.# #. #.# .. #. #. #### #.#
.# #. #. ...# #.# .. #. #.
##.# #.# ##. #. #. #.# #.#
.. . #. #. #.# #.# .#
#.#.####.###. ##.####.#
###J#..............
........#######.@.......
###..##
.#####..............####
#..## .# #..#######..##.#
#.####..## .#
#................ #.........
.#
#.########..##..............
.#####.# #..# ##.#..###..##
.......# #..# #. # #....
###.#### #..# # .# ####. #.#
####..#####.#..# #.


You could see a jelly (very poisoned).

Vanquished Creatures
  2 gnolls (D:3)
  3 adders
  A dart slug (D:3)
  8 bats
  11 endoplasms
  5 giant cockroaches
  A goblin (D:1)
  3 hobgoblins
  3 jackals (D:1)
  6 ball pythons
  5 frilled lizards
  4 kobolds
  6 rats
58 creatures vanquished.

Notes
Turn   | Place    | Note
-------+----------+-------------------------------------------
     0 | D:1      | Pooter the Gargoyle Earth Elementalist began the quest for
                  | the Orb.
     0 | D:1      | Reached XP level 1. HP: 10/10 MP: 3/3
    92 | D:1      | Reached skill level 1 in Transmutations
   238 | D:1      | Reached XP level 2. HP: 15/15 MP: 1/5
   554 | D:1      | Reached skill level 4 in Earth Magic
   619 | D:1      | Reached XP level 3. HP: 19/19 MP: 4/6
  1138 | D:2      | Learned a level 3 spell: Stone Arrow
  1165 | D:2      | Identified the +1 robe of the Realm of Zot {rF+ rCorr Str+2
                  | Stlth+}
  1310 | D:2      | Reached XP level 4. HP: 24/24 MP: 3/7
  1658 | D:2      | Found a faded altar of an unknown god.
  1665 | D:2      | Prayed at the altar of an unknown god.
  1665 | D:2      | Became a worshipper of Trog the Wrathful
  1665 | D:2      | Reached * piety under Trog
  1815 | D:3      | Reached skill level 1 in Maces & Flails
  1959 | D:3      | Reached skill level 1 in Fighting
  2000 | D:3      | Splashed by a jelly's acid

Illustrated notes

Levels and vault maps discovered:
D:1:      lightli_arrival_statuegarden, layout_basic
D:2:      layout_rooms, dilly_ecumenical_altar_fadedgnrine,
          minmay_worlds_worst_comb
D:3:      layout_loops_ring, chequers_serial_rivers_small_a

Skill      XL: |  1  2  3  4 |
---------------+-------------+-----
Transmutations | 1 2 |  2.1
Earth Magic    | 4 |  4.2
Maces & Flails | 1 |  1.3
Fighting       | 1 |  1.0
Dodging        | |  1.5
Stealth        | |  2.6
Spellcasting   | |  2.4
Conjurations   | |  0.8

Action                     |  1- 3 |  4- 6 || total
---------------------------+-------+-------++-------
  Melee: Whip              |     2 |       ||     2
         Dagger            |     1 |       ||     1
         Punch             |     1 |       ||     1
         Mace              |    12 |    29 ||    41
  Throw: Dart              |     8 |       ||     8
   Cast: Sandblast         |    43 |     4 ||    47
 Invoke: Berserk           |       |     2 ||     2
    Use: Scroll            |     3 |       ||     3
 Armour: Robe              |     9 |     4 ||    13
         Skin              |     3 |       ||     3
         Chain mail        |       |    16 ||    16
  Dodge: Dodged            |     9 |     8 ||    17

Table legend: (Time is in decaauts)
 A = Elapsed time spent in this place.
 B = Non-inter-level travel time spent in this place.
 C = Inter-level travel time spent in this place.
 D = Time resting spent in this place.
 E = Time spent auto-exploring this place.
 F = Levels seen in this place.
 G = Mean time per level.
                   A        B        C        D        E       F      G
               +--------+--------+--------+--------+--------+-----+--------+
         Total |   2049 |   1967 |     82 |    304 |   1164 |   3 |  683.0 |
       Dungeon |   2049 |   1967 |     82 |    304 |   1164 |   3 |  683.0 |
               +--------+--------+--------+--------+--------+-----+--------+

Top non-repeatable levels by time:
     D:1: 1060 daAuts
     D:2: 730 daAuts
     D:3: 259 daAuts
